 Dungeon Crawl Stone Soup version 0.28.0-43-g3370ac3207 (webtiles) character file.

Game seed: 2912311471520894222

18 pkoi the Vexing (level 2, 0/17 HPs)
             Began as an Octopode Wanderer on Mar 16, 2022.
             Slain by a jackal (2 damage)
             ... on level 1 of the Dungeon.
             The game lasted 00:02:10 (1963 turns).

pkoi the Vexing (Octopode Wanderer)                 Turns: 1963, Time: 00:02:11

Health: 0/17       AC:  1    Str:  9    XL:     2   Next: 66%
Magic:  1/5        EV: 12    Int: 14    God:
Gold:   34         SH:  4    Dex: 13    Spells: 4/5 levels left

rFire   . . .      SeeInvis .   a - +0 dagger
rCold   . . .      Faith    .   b - +0 buckler
rNeg    . . .      Spirit   .   (helmet restricted)
rPois   .          Reflect  .   (no amulet)
rElec   .          Harm     .   (no ring)
rCorr   .          Rampage  .   (no ring)
Will    .....                   (no ring)
Stlth   +++.......              (no ring)
HPRegen 0.05/turn               (no ring)
MPRegen 0.09/turn               (no ring)
                                (no ring)
                                (no ring)

@: no status effects
A: almost no armour, amphibious, 8 rings, camouflage 1, gelatinous body 1,
(nimble swimmer 1), tentacles
a: no special abilities


You were on level 1 of the Dungeon.
You visited 1 branch of the dungeon, and saw 1 of its levels.

You collected 34 gold pieces.

Inventory:

Hand Weapons
 a - a +0 dagger (weapon)
Armour
 b - a +0 buckler (worn)
 h - an orb of energy
Scrolls
 c - a scroll of blinking {unknown}
 f - a scroll of immolation {unknown}
Potions
 d - a potion of lignification {unknown}
 e - a potion of haste {unknown}
 g - a potion of berserk rage {unknown}


   Skills:
 - Level 1.0 Throwing
 - Level 1.0 Dodging
 + Level 1.7 Stealth
 - Level 2.0 Shields
 - Level 0.7 Unarmed Combat
 - Level 2.0 Spellcasting
 + Level 0.5 Conjurations
 - Level 3.0 Hexes
 + Level 1.6 Air Magic


You had 4 spell levels left.
You knew the following spells:

 Your Spells              Type           Power      Damage    Failure   Level
a - Shock                 Conj/Air       16%        1d4       21%         1

Your spell library contained the following spells:

 Spells                   Type           Power      Damage    Failure   Level
 Slow                     Hex            36%        N/A       9%          1
 Confusing Touch          Hex            9%         N/A       26%         3
 Swiftness                Air            5%         N/A       43%         3
 Summon Guardian Golem    Hex/Summ       5%         N/A       45%         3


Dungeon Overview and Level Annotations

Branches:
Dungeon (1/15)

Altars:


Innate Abilities, Weirdness & Mutations

You cannot wear most types of armour.
You are amphibious.
You can wear up to eight rings at the same time.
Your skin changes colour to match your surroundings (Stealth+).
Your rubbery body absorbs attacks. (AC +1, EV +1)
((You are camouflaged when in or above water. (Stealth+)))
You have tentacles for arms and can constrict up to eight enemies at once.


Message History

* * * LOW HITPOINT WARNING * * *
The jackal bites you.
* * * LOW HITPOINT WARNING * * *
The jackal barely misses you. x2
The jackal bites you.
* * * LOW HITPOINT WARNING * * *
The jackal closely misses you. You block the jackal's attack.
The jackal barely misses you. The jackal closely misses you.
You block the jackal's attack.
Aiming: Shock (safe; 21% risk of failure)
Press: ? - help, Q - select action Shift-Dir - straight line, f/p - kobold
Aim: a kobold, wielding a +0 club (55% to hit)
The zap hits the jackal.
The jackal is moderately wounded.
The zap misses the jackal.
The zap misses the kobold.
Aiming: Shock (safe; 21% risk of failure)
Press: ? - help, Q - select action Shift-Dir - straight line, f/p - kobold
Aim: a kobold, wielding a +0 club (55% to hit)
The zap misses the jackal.
The zap hits the jackal.
The jackal is heavily wounded.
The zap hits the jackal.
The jackal is lightly wounded.
The zap hits the kobold.
You kill the kobold!
You block the jackal's attack. The jackal bites you.
* * * LOW HITPOINT WARNING * * *
Unknown command.
Aiming: Shock (safe; 21% risk of failure)
Press: ? - help, Q - select action Shift-Dir - straight line, f - jackal
Aim: a jackal (55% to hit)
The zap hits the jackal.
The jackal is heavily wounded.
The zap hits the jackal.
The jackal is severely wounded.
The zap hits the jackal.
The jackal is almost dead.
The jackal bites you.
You die...

### #.####.# #.#...
..#############.####.##### #.##.#
..........##......##.....###.##..
.................................
##................#..###.....#.#.
########.....^....#..#####.......
# #..........#..............
############[####h##.#####.#.....
...........).hhh@....#####.#.###.
..............###..........#.....
..............###.....#...)#.....
...................)..........##.
....................>......#.....
.............................#...
######..รท....#...............#...
...# #...........#...........#..>
...###...............(...#...#.#.


You could see 4 jackals.

Vanquished Creatures
  3 ball pythons (D:1)
  2 bats (D:1)
  An endoplasm (D:1)
  2 giant cockroaches (D:1)
  2 goblins (D:1)
  A hobgoblin (D:1)
  2 kobolds (D:1)
  A quokka (D:1)
  A frilled lizard (D:1)
  A rat (D:1)
16 creatures vanquished.

Notes
Turn   | Place    | Note
-------+----------+-------------------------------------------
     0 | D:1      | pkoi the Octopode Wanderer began the quest for the Orb.
     0 | D:1      | pkoi set off with the following items: a +0 dagger, a +0
                  | buckler; and the following spells available to memorise:
                  | Slow, Shock, Confusing Touch, Summon Guardian Golem,
                  | Swiftness
     0 | D:1      | Reached XP level 1. HP: 11/11 MP: 3/3
     2 | D:1      | Learned a level 1 spell: Shock
   240 | D:1      | Reached skill level 1 in Stealth
   627 | D:1      | Reached XP level 2. HP: 17/17 MP: 5/5
  1963 | D:1      | Slain by a jackal

Illustrated notes

Levels and vault maps discovered:
D:1:      minmay_arrival_wavy_path, layout_basic, amethyst_killhole

Skill      XL: |  1 |
---------------+----+-----
Stealth        | 1 |  1.7
Throwing       | |  1.0
Dodging        | |  1.0
Shields        | |  2.0
Unarmed Combat | |  0.7
Spellcasting   | |  2.0
Conjurations   | |  0.5
Hexes          | |  3.0
Air Magic      | |  1.6

Action                   || total
-------------------------++-------
Melee: Dagger            ||    33
       Constrict         ||     7
       Tentacles         ||     4
 Cast: Shock             ||    29
 Stab: Sleeping          ||     1
Armor: Skin              ||     2
Dodge: Dodged            ||    29
Block: Buckler           ||     8
